 Dungeon Crawl Stone Soup version 0.28.0-43-g3370ac3207 (webtiles) character file.

Game seed: 17664341950426408494

2245 smarlow the Shield-Bearer (level 9, -1/82 HPs)
             Began as a Deep Dwarf Fighter on Mar 2, 2022.
             Was a Believer of Elyvilon.
             Slain by a two-headed ogre
             ... wielding a +0 giant club
              (5 damage)
             ... on level 8 of the Dungeon.
             The game lasted 00:24:59 (6843 turns).

smarlow the Shield-Bearer (Deep Dwarf Fighter)      Turns: 6843, Time: 00:25:00

Health: -1/82      AC: 10    Str: 26    XL:     9   Next: 15%
Magic:  13/14 (5)  EV: 10    Int:  9    God:    Elyvilon [**....]
Gold:   309        SH:  5    Dex: 12    Spells: 7/9 levels left

rFire   x x .      SeeInvis .   d - +5 falchion "Cojiacro" {vorpal, rPois rF- rCorr}
rCold   . . .      Faith    .   c - +0 buckler
rNeg    + . .      Spirit   .   n - +2 ring mail of Duty {rF- rN+ Stlth+}
rPois   +          Reflect  .   (no helmet)
rElec   .          Harm     .   (no cloak)
rCorr   +          Rampage  .   (no gloves)
Will    +....                   (no boots)
Stlth   ++........              (no amulet)
HPRegen 0.00/turn               f - ring of magical power
MPRegen 0.14/turn               (no ring)

@: on berserk cooldown, slowed, very slow
A: damage resistance, heal wounds, sense surroundings 2, no regeneration,
iridescent scales 1, strong 1
a: Heal Wounds, Renounce Religion, Purification, Heal Other


You were on level 8 of the Dungeon.
You worshipped Elyvilon.
Elyvilon was pleased with you.
You visited 2 branches of the dungeon, and saw 9 of its levels.

You collected 309 gold pieces.

Inventory:

Hand Weapons
 a - a +0 war axe
 d - the +5 falchion "Cojiacro" (weapon) {vorpal, rPois rF- rCorr}
   (You found it on level 1 of the Dungeon)

   It inflicts extra damage upon your enemies.
   rF:        It makes you vulnerable to fire.
   rPois:     It protects you from poison.
   rCorr:     It protects you from acid and corrosion.
 p - the +4 spear "Eguaga" {freeze, rElec rCorr Int+3}
   (You found it on level 5 of the Dungeon)

   It freezes those it strikes, dealing additional cold damage.
   It can also slow down cold-blooded creatures.
   Int:       It affects your intelligence (+3).
   rElec:     It insulates you from electricity.
   rCorr:     It protects you from acid and corrosion.
Missiles
 r - 4 atropa-tipped darts (quivered)
Armour
 b - a +0 scale mail
 c - a +0 buckler (worn)
 n - the +2 ring mail of Duty (worn) {rF- rN+ Stlth+}
   (You found it on level 5 of the Dungeon)

   rF:        It makes you vulnerable to fire.
   rN:        It protects you from negative energy.
   Stlth:     It makes you more stealthy.
Jewellery
 f - a ring of magical power (left hand)
 l - a +6 ring of strength
Scrolls
 e - a scroll of vulnerability
 g - 3 scrolls of holy word
 h - a scroll of teleportation
 j - a scroll of summoning {unknown}
 k - 2 scrolls of immolation
 o - a scroll of torment {unknown}
 s - a scroll of enchant weapon {unknown}
 t - a scroll of amnesia {unknown}
Potions
 m - a potion of lignification {unknown}
 q - a potion of heal wounds {unknown}
 u - a potion of resistance
 v - a potion of degeneration {unknown}


   Skills:
 + Level 6.2 Fighting
 - Level 4.0(5.1) Axes
 + Level 4.0(4.5) Polearms
 + Level 3.1 Throwing
 + Level 6.8 Armour
 + Level 6.9 Shields
 + Level 0.7 Spellcasting
 + Level 1.1 Earth Magic


You had 7 spell levels left.
You knew the following spells:

 Your Spells              Type           Power      Damage    Failure   Level
a - Passwall              Tmut/Erth      0%         N/A       63%         2

Your spell library contained the following spells:

 Spells                   Type           Power      Damage    Failure   Level
 Sandblast                Erth           4%         2d4       38%         1
 Stone Arrow              Conj/Erth      2%         3d7       85%         3
 Gell's Gravitas          Tloc           0%         N/A       90%         3
 Ignite Poison            Fire/Tmut/Pois 0%         N/A       90%         3
 Lesser Beckoning         Tloc           0%         N/A       90%         3
 Mephitic Cloud           Conj/Pois/Air  0%         N/A       90%         3
 Teleport Other           Tloc           0%         N/A       90%         3
 Freezing Cloud           Conj/Ice/Air   0%         6-21      100%        5


Dungeon Overview and Level Annotations

Branches:
Dungeon (8/15)             Temple (1/1) D:6
   Lair: D:8-11

Altars:
Ashenzari
Cheibriados
Dithmenos
Elyvilon
Fedhas
Gozag
Hepliaklqana
Kikubaaqudgha
Makhleb
Nemelex Xobeh
Okawaru
Qazlal
Ru
Sif Muna
Trog
Uskayaw
Vehumet
Wu Jian
Xom
Yredelemnul
Zin
The Shining One

Shops:
D:1 (

Annotations:
D:3 1 runed translucent door, unlimited1921's ghost, amateur DjFE
D:7 Erica


Innate Abilities, Weirdness & Mutations

You are resistant to damage.
You can heal yourself by infusing magical energy.
You passively map the area around you.
You do not regenerate.
You are partially covered in iridescent scales. (AC +2)
Your muscles are strong. (Str +2)


Message History

The acid dragon spits acid at you. The splash of acid misses you.
The splash of acid hits the killer bee!!
The acid corrodes the killer bee!
The killer bee dies!
You closely miss the acid dragon. The killer bee stings you.
The acid dragon bites you.
The acid dragon claws you but does no damage.
You slash the acid dragon!
The acid dragon is severely wounded.
You are no longer poisoned.
The acid dragon bites you! The acid dragon claws you.
You slash the acid dragon!
You kill the acid dragon!
The acid dragon scales are intact enough to wear.
The two-headed ogre hits you with a +0 giant club!!
* * * LOW HITPOINT WARNING * * *
The two-headed ogre barely misses you.
Your Polearms skill increases to level 4!
Your Earth Magic skill increases to level 1!
You slash the two-headed ogre!
The two-headed ogre is moderately wounded.
The two-headed ogre closely misses you. You block the two-headed ogre's attack.
You barely miss the two-headed ogre.
The two-headed ogre is moderately wounded.
You slash the two-headed ogre!
The two-headed ogre is heavily wounded.
You block the two-headed ogre's attack.
The two-headed ogre hits you with a +0 giant club!
* * * LOW HITPOINT WARNING * * *
You barely miss the two-headed ogre.
The two-headed ogre is heavily wounded.
You are no longer berserk.
You are exhausted.
You feel yourself slow down.
You are no longer corroded.
The two-headed ogre hits you with a +0 giant club!
Elyvilon protects you from harm!
The two-headed ogre hits you with a +0 giant club.
You die...

................### .##
...$..............##...#
..............###....#.#***
*
................#†#......#
...#..#...##......#.......
, ,
.##...#...##.....#........
, .. .....
.......yo........ ,,
.#.*... .##...#O#........ ,
, .?.# #., ,
#?<.#@#........ , ,, *
#...#[#..O.D..., , * *
.....#........, ,
#.....###. .... , ,, * *
......(# ,...... , ,*
....#.... .., , ,,*** * *,
* ..#..##..# ..., ..#..
..## ,... , * ,,, ,, , , ,


You could see a two-headed ogre, a killer bee and an orc.

Vanquished Creatures
  A steam dragon (D:6)
  A water moccasin (D:7)
  An acid dragon (D:8)
  2 black bears (D:6)
  A necrophage (D:5)
  2 ogres (D:6)
  A phantom (D:7)
  A gnoll sergeant (D:7)
  A scorpion (D:7)
  A wyvern skeleton (D:7)
  A water moccasin zombie (D:7)
  2 water moccasin skeletons
  3 killer bees
  2 howler monkeys (D:6)
  A centaur zombie (D:7)
  3 centaur skeletons
  A gnoll shaman (D:7)
  4 hounds
  3 jellies
  2 orc priests
  3 iguanas
  3 orc wizards
  A howler monkey skeleton (D:7)
  5 gnolls (D:7)
  8 adders
  3 shadow imps
  4 white imps
  An ufetubus (D:7)
  A dart slug (D:1)
  16 orcs
  5 bats
  8 endoplasms
  7 giant cockroaches
  5 goblins
  7 hobgoblins
  2 jackals (D:2)
  12 kobolds
  2 quokkas
  5 ball pythons
  3 frilled lizards
  5 rats
140 creatures vanquished.

Vanquished Creatures (others)
  A killer bee (D:8)
  4 plants (D:6)
5 creatures vanquished.

Grand Total: 145 creatures vanquished

Notes
Turn   | Place    | Note
-------+----------+-------------------------------------------
     0 | D:1      | smarlow the Deep Dwarf Fighter began the quest for the Orb.
     0 | D:1      | Reached XP level 1. HP: 20/20 MP: 1/1
    81 | D:1      | Reached XP level 2. HP: 27/27 MP: 2/2
   159 | D:1      | Found a faded altar of an unknown god.
   483 | D:1      | Found Isero's Weapon Emporium.
   747 | D:2      | Reached XP level 3. HP: 22/34 MP: 3/3
  1457 | D:2      | Reached XP level 4. HP: 13/42 MP: 4/4
  1479 | D:3      | Found a runed translucent door.
  1482 | D:3      | Noticed a bullfrog
  1511 | D:3      | Identified the +6 dagger of Devotion {antimagic, rN+ Str+4}
  1660 | D:3      | Noticed unlimited1921's ghost (amateur DjFE)
  2016 | D:3      | Reached XP level 5. HP: 36/50 MP: 5/5
  3115 | D:4      | Reached XP level 6. HP: 17/58 MP: 6/6
  3676 | D:5      | Entered Level 5 of the Dungeon
  3683 | D:5      | Identified the +2 ring mail of Duty {rF- rN+ Stlth+}
  3758 | D:5      | Gained mutation: You are partially covered in iridescent
                  | scales. (AC +2) [potion of mutation]
  3758 | D:5      | Gained mutation: Your muscles are strong. (Str +2) [potion
                  | of mutation]
  3765 | D:5      | Identified the +4 spear "Eguaga" {freeze, rElec rCorr
                  | Int+3}
  4092 | D:5      | Reached skill level 1 in Polearms
  4324 | D:6      | Found a staircase to the Ecumenical Temple.
  4338 | D:6      | Reached skill level 5 in Armour
  4338 | D:6      | Reached skill level 5 in Shields
  4338 | D:6      | Reached XP level 7. HP: 43/66 MP: 6/6
  4343 | Temple   | Entered the Ecumenical Temple
  4690 | Temple   | Became a worshipper of Elyvilon the Healer
  4716 | D:6      | Noticed a steam dragon
  4775 | D:6      | Reached skill level 5 in Fighting
  5080 | D:1      | Identified the +5 falchion "Cojiacro" {vorpal, rPois rF-
                  | rCorr}
  5382 | D:6      | Found an ornate altar of the Wu Jian Council.
  5484 | D:6      | Reached * piety under Elyvilon
  5514 | D:6      | Reached skill level 1 in Throwing
  5514 | D:6      | Reached XP level 8. HP: 66/75 MP: 6/6
  6396 | D:7      | Reached ** piety under Elyvilon
  6671 | D:7      | Gained mutation: You passively map the area around you.
                  | [Deep Dwarf growth]
  6671 | D:7      | Reached XP level 9. HP: 67/82 MP: 5/5
  6686 | D:7      | Learned a level 2 spell: Passwall
  6764 | D:8      | Noticed Erica
  6776 | D:7      | Elyvilon protects you from harm!
  6810 | D:7      | You fall into a shaft and drop 1 floor!
  6825 | D:8      | Noticed a two-headed ogre
  6840 | D:8      | Reached skill level 1 in Earth Magic
  6842 | D:8      | HP: 6/123 [two-headed ogre/+0 giant club (13)]
  6843 | D:8      | Elyvilon protects you from harm!
  6843 | D:8      | Slain by a two-headed ogre

Illustrated notes

Levels and vault maps discovered:
D:1:      eino_arrival_druids_welcome, layout_rooms, serial_shops, shop,
          ebering_ecumenical_altar_webs, lemuel_flame_loot_1
D:2:      layout_loops_ring, st_stairs_1
D:3:      wander_river, layout_loops_cross, ebering_ghost_sewer_d
D:4:      layout_loops_ring, kennysheep_generic_room_14
D:5:      layout_rooms
D:6:      layout_layer_cave, nicolae_wu_jian_wuxing_cycle,
          minmay_temple_entry_gardened_gates, st_stairs_11
D:7:      layout_cave_pools, st_stairs_9, minmay_checkerbox
D:8:      layout_rooms, serial_bayou_pond_a, uniq_erica, uniq_joseph
Temple:   mainiacjoe_temple_circle_huts

Skill      XL: |  1  2  3  4  5  6  7  8  9 |
---------------+----------------------------+-----
Fighting       | 3 4 5 6 |  6.2
Axes           | 3 4 |  4.0
Armour         | 4 5 6 |  6.8
Shields        | 4 5 6 |  6.9
Polearms       | 1 2 3 4 |  4.0
Throwing       | 1 3 |  3.1
Earth Magic    | 1 |  1.1
Spellcasting   | |  0.7

Action                   |  1- 3 |  4- 6 |  7- 9 || total
-------------------------+-------+-------+-------++-------
Melee: War axe           |   141 |   129 |       ||   270
       Dagger            |       |     2 |       ||     2
       Spear             |       |    44 |    42 ||    86
       Falchion          |       |       |   186 ||   186
Throw: Dart              |       |       |    10 ||    10
 Abil: Heal Wounds       |       |     4 |    15 ||    19
Evoke: Wand              |       |       |     1 ||     1
  Use: Potion            |     1 |     4 |     2 ||     7
       Scroll            |       |     4 |     6 ||    10
 Stab: Invisible         |       |       |     2 ||     2
       Fleeing           |       |       |     1 ||     1
Armor: Scale mail        |    64 |    49 |       ||   113
       Ring mail         |       |    17 |   145 ||   162
Dodge: Dodged            |    76 |    68 |   147 ||   291
Block: Buckler           |    29 |    46 |    75 ||   150
